 Dungeon Crawl Stone Soup version 0.21-a0-584-g185da8e1cd (console) character file.

562 Harunobu the Cudgeler (level 7, -2/54 HPs)
             Began as a Demonspawn Abyssal Knight on Dec 21, 2017.
             Was a Believer of Lugonu.
             Slain by a two-headed ogre
             ... wielding a +0 giant club
              (15 damage)
             ... on level 8 of the Dungeon.
             The game lasted 00:10:18 (5504 turns).

Harunobu the Cudgeler (Demonspawn Abyssal Knight)   Turns: 5504, Time: 00:10:18

Health: -2/54      AC: 12    Str: 14    XL:     7   Next: 10%
Magic:  9/9        EV: 15    Int: 13    God:    Lugonu [**....]
Gold:   227        SH:  6    Dex: 13    Spells: 6/6 levels left

rFire    . . .     SeeInvis .   y - +2 spear (vamp)
rCold    . . .     Gourm    .   (no shield)
rNeg     . . .     Faith    .   d - +0 ring mail (curse)
rPois    .         Spirit   .   u - +0 helmet
rElec    .         Reflect  .   (no cloak)
rCorr    .         Harm     .   j - +1 pair of gloves
MR       .....                  (no boots)
Stlth    +.........             (no amulet)
HPRegen  0.18/turn              n - +4 ring of evasion
MPRegen  0.11/turn              w - +3 ring of protection

@: no status effects
A: claws 1, large bone plates 2, demonic guardian 1, powered by pain 1
a: Depart the Abyss, Bend Space, Renounce Religion


You were on level 8 of the Dungeon.
You worshipped Lugonu.
Lugonu was pleased with you.
You were not hungry.

You visited 1 branch of the dungeon, and saw 6 of its levels.
You visited the Abyss 1 time.

You collected 227 gold pieces.

Inventory:

Hand Weapons
 a - a +1 mace
 s - a +0 long sword
 t - a +0 whip
 y - a +2 vampiric spear (weapon)
Armour
 b - a +0 leather armour
 d - a cursed +0 ring mail (worn)
 i - a +0 scale mail
 j - a +1 pair of gloves (worn)
 r - a +1 ring mail of poison resistance
 u - a +0 helmet (worn)
 v - a cursed +0 chain mail
 z - a cursed -1 chain mail
Jewellery
 e - an uncursed ring of stealth
 n - a +4 ring of evasion (left hand)
 w - a +3 ring of protection (right hand)
Scrolls
 g - 2 scrolls of identify
 x - a scroll of enchant armour
Potions
 f - a potion of invisibility {unknown}
 h - 2 potions of heal wounds
 k - a potion of cancellation {unknown}
 l - 2 potions of might
 m - 2 potions of haste {unknown}
 o - 3 potions of mutation {unknown}
 p - a potion of degeneration {unknown}
Comestibles
 c - 6 rations


   Skills:
 + Level 4.2 Fighting
 + Level 4.5 Maces & Flails
 + Level 0.1 Polearms
 + Level 4.0 Armour
 + Level 2.1 Dodging
 + Level 1.4 Stealth
 + Level 2.7 Invocations


You had 6 spell levels left.
You didn't know any spells.

Dungeon Overview and Level Annotations

Branches:
Dungeon (5/15)
 Temple: D:4-7

Altars:
Ashenzari
Fedhas
Gozag
Hepliaklqana
Okawaru
Vehumet
Wu Jian
The Shining One

Annotations:
D:4 Grinder


Innate Abilities, Weirdness & Mutations

You have sharp fingernails.
You are mostly covered in large bone plates. (SH +6)
A weak demonic guardian rushes to your aid.
You sometimes gain a little power by taking damage.


Message History

The two-headed ogre is moderately wounded.
You block the two-headed ogre's attack. The two-headed ogre closely misses you.
You hit the two-headed ogre.
The two-headed ogre is moderately wounded.
You hit the two-headed ogre but do no damage.
The two-headed ogre is moderately wounded.
The two-headed ogre hits you with a giant club.
* * * LOW HITPOINT WARNING * * *
You block the two-headed ogre's attack.
You completely miss the two-headed ogre.
The two-headed ogre is moderately wounded.
The two-headed ogre closely misses you. You block the two-headed ogre's attack.
You hit the two-headed ogre but do no damage.
The two-headed ogre is moderately wounded.
The two-headed ogre barely misses you. The two-headed ogre closely misses you.
You hit the two-headed ogre.
You feel better.
The two-headed ogre is heavily wounded.
The two-headed ogre barely misses you.
The two-headed ogre hits you with a giant club!
You die...

####........########..#
#.............#......#
#########.........###....# ##
##...............).##.(.#.###...
##................O....###..O....
#...............##.#...5....#$###
#...)..........###.######...#.#
#..............###.#............
#...............@O...########....
#..............##..### ...#
##............##..## .##.
##..........###.## .. .
############ .. #.# .. ...


You could see a two-headed ogre.

Vanquished Creatures
  The ghost of Harunobu the Cudgeler, an amateur DsSk (D:4)
  A bullfrog (D:8)
  2 crimson imps (D:8)
  An iguana (D:4)
  A worker ant (D:4)
  A hound zombie (D:5)
  Robin (D:2)
  2 adders
  3 oozes
  An adder skeleton (D:3)
  2 worms
  2 dart slugs
  5 leopard geckos
  An orc (D:4)
  7 bats
  2 giant cockroaches
  15 goblins
  8 hobgoblins
  6 jackals
  6 kobolds
  3 quokkas
  4 frilled lizards
  4 rats
79 creatures vanquished.

Vanquished Creatures (collateral kills)
  A black bear (D:8)
  An ogre (D:8)
  A quokka (D:8)
3 creatures vanquished.

Grand Total: 82 creatures vanquished

Notes
Turn   | Place    | Note
-------+----------+-------------------------------------------
     0 | Abyss:1  | Harunobu the Demonspawn Abyssal Knight began the quest for the Orb.
     0 | Abyss:1  | Reached XP level 1. HP: 18/18 MP: 2/2
     0 | D:1      | Escaped the Abyss
   347 | D:1      | Gained mutation: You are partially covered in large bone plates. (SH +4) [demonic ancestry]
   347 | D:1      | Reached XP level 2. HP: 21/24 MP: 4/4
   575 | D:1      | Reached * piety under Lugonu
  1081 | D:1      | Found a glowing golden altar of the Shining One.
  1305 | D:2      | Gained mutation: You have sharp fingernails. [demonic ancestry]
  1305 | D:2      | Reached XP level 3. HP: 21/29 MP: 5/5
  1307 | D:2      | Reached skill level 1 in Dodging
  2228 | D:2      | Noticed Robin
  2235 | D:2      | Killed Robin
  2235 | D:2      | Reached XP level 4. HP: 34/35 MP: 6/6
  3125 | D:2      | Reached ** piety under Lugonu
  3221 | D:2      | Found an iron altar of Okawaru.
  3221 | D:2      | Found a faded altar of an unknown god.
  3276 | D:2      | Found a hazy altar of Hepliaklqana.
  3278 | D:2      | Found an ornate altar of the Wu Jian Council.
  3279 | D:2      | Found a faded altar of an unknown god.
  3549 | D:3      | Found an opulent altar of Gozag.
  4065 | D:3      | Found a blossoming altar of Fedhas.
  4371 | D:4      | Gained mutation: A weak demonic guardian rushes to your aid. [demonic ancestry]
  4371 | D:4      | Reached XP level 5. HP: 31/41 MP: 7/7
  4677 | D:4      | Found a radiant altar of Vehumet.
  4700 | D:4      | Noticed Harunobu's ghost (amateur DsSk)
  4725 | D:4      | Killed Harunobu's ghost
  4914 | D:4      | Reached skill level 1 in Stealth
  4914 | D:4      | Gained mutation: You are mostly covered in large bone plates. (SH +6) [demonic ancestry]
  4914 | D:4      | Reached XP level 6. HP: 48/48 MP: 8/8
  5031 | D:4      | Noticed Grinder
  5046 | D:5      | Entered Level 5 of the Dungeon
  5146 | D:5      | Found a shattered altar of Ashenzari.
  5147 | D:5      | Noticed a sky beast
  5147 | D:5      | You fall through a shaft for 3 floors!
  5385 | D:8      | Noticed a two-headed ogre
  5398 | D:8      | Gained mutation: You sometimes gain a little power by taking damage. [demonic ancestry]
  5398 | D:8      | Reached XP level 7. HP: 42/54 MP: 9/9
  5504 | D:8      | Slain by a two-headed ogre

Vault maps used:
D:1:      dpeg_arrival_arbitrary_c, minmay_door_square, minmay_crystal_water,
          tso_altar
D:2:      chequers_temple_overflow_minitemple, uniq_robin
D:3:      overflow_temple_1_default, fedhas_altar_3,
          nicolae_overflow_hidden_temple, hex_intersection
D:4:      kennysheep_mini_moat, uniq_grinder, uniq_ijyb
D:5:      cheibrodos_ashenzari_chains, old_standard_altar,
          minmay_temple_entry_fiery, first_ration, lightli_corner_chamber

Skill      XL: |  1  2  3  4  5  6 |
---------------+-------------------+-----
Maces & Flails | 2 3 4 |  4.5
Armour         | 2 3 4 |  4.0
Dodging        | 1 2 |  2.1
Stealth        | 1 |  1.4
Fighting       | 4 |  4.2
Polearms       | |  0.1
Invocations    | |  2.7

Action                   |  1- 3 |  4- 6 |  7- 9 || total
-------------------------+-------+-------+-------++-------
Melee: Mace              |   117 |   188 |       ||   305
       Spear             |       |    11 |    12 ||    23
Invok: Depart the Abyss  |     1 |       |       ||     1
  Use: Scroll            |       |     9 |       ||     9
       Potion            |       |     1 |     1 ||     2
 Stab: Sleeping          |       |     3 |       ||     3
       Distracted        |       |     1 |       ||     1
  Eat: Chunk             |     4 |    10 |       ||    14
       Ration            |       |     2 |       ||     2
Armor: Ring mail         |    36 |    55 |     1 ||    92
Dodge: Dodged            |    75 |   158 |    13 ||   246
Block: Other             |    20 |    55 |     5 ||    80

Table legend:
 A = Spawn XP
 B = Non-spawn XP
 C = Spawn XP percentage of total XP
 D = Spawn monster count
 E = Non-spawn monster count
 F = Spawn count percentage of total count
 G = Total turns spent on level
                    A         B        C        D         E        F      G
               +---------+---------+-------+---------+---------+-------+---------
         Total |       0 |     804 |   0.0 |       0 |      82 |   0.0 |  5504
               +---------+---------+-------+---------+---------+-------+---------
           D:1 |       0 |      38 |   0.0 |       0 |      18 |   0.0 |  1501
           D:2 |       0 |      97 |   0.0 |       0 |      33 |   0.0 |  2040
           D:3 |       0 |      42 |   0.0 |       0 |      14 |   0.0 |   783
           D:4 |       0 |     227 |   0.0 |       0 |       8 |   0.0 |   722
           D:5 |       0 |      22 |   0.0 |       0 |       2 |   0.0 |   101
           D:8 |       0 |     378 |   0.0 |       0 |       7 |   0.0 |   357
               +---------+---------+-------+---------+---------+-------+---------
